 Dungeon Crawl Stone Soup version 0.27.1-37-g7b29ead8ac (webtiles) character file.

Game seed: 14383979748206976672

32 AarnesTheHuman the Changer (level 3, -2/27 HPs)
             Began as a Merfolk Transmuter on Aug 28, 2023.
             Slain by an orc (4 damage)
             ... on level 3 of the Dungeon.
             The game lasted 00:04:32 (2602 turns).

AarnesTheHuman the Changer (Merfolk Transmuter)     Turns: 2602, Time: 00:04:32

Health: -2/27      AC:  2    Str: 10    XL:     3   Next: 25%
Magic:  4/6        EV: 13    Int: 13    God:
Gold:   81         SH:  0    Dex: 14    Spells: 3/6 levels left

rFire    . . .     SeeInvis .   b - +0 club
rCold    . . .     Faith    .   (no shield)
rNeg     . . .     Spirit   .   a - +0 robe
rPois    .         Reflect  .   (helmet currently unavailable)
rElec    .         Harm     .   (no cloak)
rCorr    .         Rampage  .   (no gloves)
Will     .....                  (boots currently unavailable)
Stlth    ++........             (no amulet)
HPRegen  0.09/turn              (no ring)
MPRegen  0.10/turn              (no ring)

@: appendages (expiring), wereblooded
A: horns 2, (nimble swimmer 2), mertail
a: End Transformation


You were on level 3 of the Dungeon.
You had temporarily grown beastly horns.
You visited 1 branch of the dungeon, and saw 3 of its levels.

You collected 81 gold pieces.

Inventory:

Hand Weapons
 b - a +0 club (weapon)
Missiles
 h - 11 stones
 j - 2 throwing nets
Armour
 a - a +0 robe (worn)
 n - a +0 kite shield
Magical Staves
 c - a staff of cold
Wands
 d - a wand of iceblast (12)
Potions
 i - a potion of curing
 l - a potion of mutation {unknown}
 m - a potion of degeneration {unknown}


   Skills:
 + Level 1.7 Fighting
 - Level 3.0 Dodging
 - Level 1.0 Stealth
 - Level 3.2 Unarmed Combat
 - Level 2.0 Spellcasting
 - Level 4.0 Transmutations
 + Level 0.2 Evocations


You had 3 spell levels left.
You knew the following spells:

 Your Spells              Type           Power      Damage    Failure   Level
a - Beastly Appendage     Tmut           22%        N/A       4%          1
b - Wereblood             Tmut           11%        N/A       8%          2

Your spell library contained the following spells:

 Spells                   Type           Power      Damage    Failure   Level
 Spider Form              Tmut/Pois      3%         N/A       32%         3
 Ice Form                 Ice/Tmut       6%         N/A       73%         4


Dungeon Overview and Level Annotations

Branches:
Dungeon (3/15)

Altars:


Innate Abilities, Weirdness & Mutations

You have temporarily grown beastly horns.
((You are quick and stealthy near water. (Stealth+, EV+, Speed+++)))
Your lower body shifts to a powerful aquatic tail in water.


Message History

You hit the orc.
The orc is heavily wounded.
The orc closely misses you.
An orc comes into view. It is wielding a +0 mace.
You hit the orc but do no damage.
The orc is heavily wounded.
The orc hits you with a +0 club.
You hit the orc.
The orc is severely wounded.
The orc hits you with a +0 club. x2
Casting: Beastly Appendage (safe; 4% risk of failure)
Confirm with . or Enter, or press ? or * to list all spells.
Your blood is infused with primal strength.
The orc misses you.
You hit the orc but do no damage.
The orc is severely wounded.
The orc hits you but does no damage.
Casting: Wereblood (safe; 8% risk of failure)
Confirm with . or Enter, or press ? or * to list all spells.
You grow a pair of large bovine horns.
The orc hits you with a +0 club.
* * * LOW HITPOINT WARNING * * *
You hit the orc but do no damage. Your headbutt misses the orc.
The orc is severely wounded.
The orc hits you with a +0 club.
* * * LOW HITPOINT WARNING * * *
You hit the orc but do no damage.
The orc is severely wounded.
The orc barely misses you. x2
You closely miss the orc.
The orc is severely wounded.
The orc closely misses you.
You closely miss the orc.
The orc is severely wounded.
Your transformation is almost over.
The orc hits you with a +0 club.
* * * LOW HITPOINT WARNING * * *
You hit the orc but do no damage.
The orc is severely wounded.
The orc hits you with a +0 club.
You die...

♣. ♣. ♣.
.♣ ♣.♣♣♣
.♣
♣...♣♣.♣
♣.....♣♣
♣.....♣
♣o..♣
♣o♣♣♣
♣@♣ ♣)♣
♣.♣ ♣♣.♣
♣..♣
♣.♣♣
♣.♣♣
♣..♣
♣♣.♣


You could see 2 orcs.

Vanquished Creatures
  A worm (D:2)
  An orc (D:3)
  5 endoplasms
  A giant cockroach (D:2)
  2 goblins
  A hobgoblin (D:1)
  3 kobolds
  A quokka (D:1)
  3 ball pythons (D:2)
  3 bats
  2 frilled lizards (D:1)
  A rat (D:2)
24 creatures vanquished.

Vanquished Creatures (collateral kills)
  A ball python (D:3)
1 creature vanquished.

Grand Total: 25 creatures vanquished

Notes
Turn   | Place    | Note
-------+----------+-------------------------------------------
     0 | D:1      | AarnesTheHuman the Merfolk Transmuter began the quest for
                  | the Orb.
     0 | D:1      | Reached XP level 1. HP: 15/15 MP: 3/3
   137 | D:1      | Reached skill level 3 in Transmutations
   283 | D:1      | Found a faded altar of an unknown god.
   423 | D:1      | Reached XP level 2. HP: 14/21 MP: 3/5
  1133 | D:2      | Learned a level 2 spell: Wereblood
  1144 | D:2      | Reached skill level 4 in Transmutations
  1224 | D:2      | Reached skill level 1 in Stealth
  1871 | D:2      | Reached XP level 3. HP: 21/26 MP: 6/6
  2602 | D:3      | Slain by an orc

Illustrated notes

Levels and vault maps discovered:
D:1:      moated_graveyard_arrival, layout_basic,
          shapermc_ecumenical_altar_starsandcircs
D:2:      layout_basic
D:3:      kb_forest_paths, layout_basic

Skill      XL: |  1  2 |
---------------+-------+-----
Transmutations | 3 4 |  4.0
Stealth        | 1 |  1.0
Dodging        | 3 |  3.0
Fighting       | |  1.7
Unarmed Combat | |  3.2
Spellcasting   | |  2.0
Evocations     | |  0.2

Action                   || total
-------------------------++-------
Melee: Club              ||    86
       Unarmed           ||     2
       Headbutt          ||    13
 Cast: Beastly Appendage ||    14
       Wereblood         ||     4
  Use: Scroll            ||     6
 Stab: Sleeping          ||     2
Armor: Robe              ||    18
Dodge: Dodged            ||    70
